 Dungeon Sprint DCSS version 0.22.1-2-g9c5b331383 (webtiles) character file.

56750 Groucho the Brawler (level 14, -8/154 HPs)
             Began as a Troll Monk on Dec 9, 2018.
             Was the Champion of Cheibriados.
             Mangled by a stone giant (31 damage)
             ... in the Dungeon (Sprint IX: "|||||||||||||||||||||||||||||").
             The game lasted 00:19:16 (3716 turns).

Groucho the Brawler (Troll Monk)                    Turns: 3716, Time: 00:19:16

Health: -8/154     AC: 19    Str: 37    XL:     14   Next: 43%
Magic:  13/23      EV: 28    Int: 21    God:    Cheibriados [******]
Gold:   1910       SH:  0    Dex: 31    Spells: 13/13 levels left

rFire    . . .     SeeInvis +     - Unarmed
rCold    . . .     Gourm    +   (no shield)
rNeg     . . .     Faith    .   C - +0 swamp dragon scales
rPois    +         Spirit   .   x - +0 hat {SInv}
rElec    .         Reflect  .   B - +1 cloak
rCorr    .         Harm     .   (gloves unavailable)
MR       +....     NoTele   +   (boots unavailable)
Stlth    ++........             (no amulet)
HPRegen  0.75/turn              n - +2 ring of evasion
MPRegen  0.18/turn              o - +2 ring of protection

@: marked, very slow
A: large, unfitting armour, claws 3, fast metabolism 3, gourmand, regeneration
1, shaggy fur 1, tough skin 2
a: Bend Time, Temporal Distortion, Slouch, Step From Time, Renounce Religion


You were in the Dungeon.
You worshipped Cheibriados.
Cheibriados was exalted by your worship.
You were full.

You visited 1 branch You collected 1910 gold pieces.

Inventory:

Missiles
 i - 14 large rocks (quivered)
Armour
 x - a +0 hat of see invisible (worn)
 B - a +1 cloak (worn)
 C - +0 swamp dragon scales (worn)
Jewellery
 n - a +2 ring of evasion (left claw)
 o - a +2 ring of protection (right claw)
 y - an uncursed ring of fire
 z - an uncursed ring of fire
 A - an uncursed ring of protection from fire
Wands
 m - a wand of acid (7)
 u - a wand of disintegration (10)
Scrolls
 h - 2 scrolls of blinking
 k - 4 scrolls of remove curse
 l - 2 scrolls of amnesia
 p - 4 scrolls of fog
 q - a scroll of identify
 r - 2 scrolls of fear
 D - 2 scrolls of enchant weapon
Potions
 a - a potion of heal wounds
 c - 6 potions of curing
 d - 2 potions of agility
 e - a potion of haste
 f - 3 potions of magic
 g - 2 potions of berserk rage
 j - a potion of invisibility
 s - a potion of experience
 t - 2 potions of brilliance
 w - a potion of flight {unknown}
Comestibles
 b - 13 rations


   Skills:
 + Level 13.9 Fighting
 + Level 10.9 Throwing
 + Level 13.9 Armour
 + Level 15.3 Dodging
 - Level 1.0 Stealth
 + Level 20.4 Unarmed Combat
 - Level 14.3 Invocations


You had 13 spell levels left.
You didn't know any spells.
Your spell library was empty.

Dungeon Overview and Level Annotations

Branches:
Dungeon (1/1)

Altars:
Cheibriados
Dithmenos
Elyvilon
Fedhas
Gozag
Hepliaklqana
Kikubaaqudgha
Makhleb
Nemelex Xobeh
Okawaru
Qazlal
Ru
Sif Muna
Trog
Uskayaw
Vehumet
Wu Jian
Xom
Yredelemnul
Zin
The Shining One
Beogh
Jiyva
Lugonu

Shops:
D (??[


Innate Abilities, Weirdness & Mutations

You are too large for most types of armour.
You have claws for hands.
Your metabolism is lightning-fast.
You like to eat raw meat.
Your natural rate of healing is unusually fast.
You are covered in fur. (AC +1)
You have very tough skin. (AC +2)


Message History

The wolf spider misses you. The wolf spider completely misses you.
A yaktaur comes into view.
You scratch the wolf spider. You claw the wolf spider!
You kill the wolf spider!
Cheibriados thoroughly appreciates the change of pace.
The stone giant throws a large rock.
The large rock hits you!!!
An ogre mage comes into view. It is wielding an enchanted halberd.
The stone giant hits you!!
The vault sentinel blows a loud note on a signal horn!
An ogre mage comes into view. It is wielding a flail.
The stone giant completely misses you.
Items here: ( ) [ † a dagger; a robe; 3 large rocks; a cyclops corpse You can feel time thicken for a moment.
You feel somewhat less full. The stone giant hits you!!
* * * LOW HITPOINT WARNING * * *
Unknown command.
You can feel time thicken for a moment.
You feel somewhat less full.
The runic seal fades away.
The stone giant hits you!!
You die...

▓.▓.▓.▓.▓.▓.▓.▓.▓†
▓.▓.▓.▓.▓!▓.▓.▓.▓.
▓.▓.♣'♣.▓.▓.▓.▓.▓.
▓+▓.♣)♣.▓.▓.▓.▓.▓.
▓.▓.♣.♣.▓.▓.▓.▓.▓.
▓)▓.♣.♣.▓.▓.▓.▓.▓.
▓(▓.♣÷♣.▓.▓.▓.▓.▓.
▓(▓.♣.♣.▓[▓.▓'▓.▓.
▓@▓.♣)♣.▓.▓.▓[▓.▓'
▓C▓.♣.♣.▓'▓.▓.▓.▓.
▓p▓.♣.♣.▓)▓.▓.▓.▓†
▓p▓.♣.♣.▓.▓.▓.▓.▓.
▓c▓.▓'▓.▓)▓.▓÷▓.▓.
▓c▓.▓.▓.▓.▓.▓∩▓.▓.
▓O▓.▓†▓.▓)▓.▓.▓.▓.
▓O▓.▓.▓.▓†▓.▓∩▓.▓.
▓.▓.▓.▓.▓.▓.▓.▓.


You could see a stone giant, a vault warden, 2 ogre magi, a vault sentinel and 2
yaktaurs.

Vanquished Creatures
  Saint Roka (D)
  Gastronok (D)
  A tengu reaver (D)
  A frost giant (D)
  A vault warden (D)
  An ironheart preserver (D)
  An entropy weaver (D)
  4 stone giants (D)
  2 very ugly things (D)
  Snorg (D)
  3 ettins (D)
  An ogre mage (D)
  Erolcha (D)
  A great orb of eyes (D)
  Harold (D)
  A hydra (D)
  A rakshasa (D)
  A centaur warrior (D)
  A two-headed ogre (D)
  2 alligators (D)
  A deep troll shaman (D)
  A deep troll earth mage (D)
  A tengu warrior (D)
  A vampire mage (D)
  2 shock serpents (D)
  3 naga sharpshooters (D)
  2 sea snakes (D)
  A glowing orange brain (D)
  5 deep trolls (D)
  A wizard (D)
  An ironbrand convoker (D)
  A shambling mangrove (D)
  A lindwurm (D)
  An orc knight (D)
  2 wolf spiders (D)
  A mana viper (D)
  An orb spider (shapeshifter) (D)
  2 ugly things (D)
  A cyclops (D)
  A harpy (D)
  2 black mambas (D)
  A merfolk siren (D)
  Joseph (D)
  A gargoyle (D)
  2 vault sentinels (D)
  A spiny frog (D)
  A yaktaur (D)
  4 komodo dragons (D)
  A jumping spider (D)
  A tengu conjurer (D)
  A merfolk (shapeshifter) (D)
  4 merfolk (D)
  8 trolls (D)
  A meliai (shapeshifter) (D)
  A slime creature (D)
  5 hornets (D)
  A bog body (D)
  A blink frog (D)
  5 tyrant leeches (D)
  A snapping turtle (D)
  2 tarantellas (D)
  A tarantella (shapeshifter) (D)
  2 spriggans (D)
  A vampire (D)
  4 redbacks (D)
  2 yaks (D)
  A wyvern (D)
  A basilisk (D)
  A steam dragon (D)
  A warg (D)
  A naga (D)
  3 porcupines (D)
  2 water moccasins (D)
  19 orc warriors (D)
  A swamp drake (D)
  A boggart (D)
  2 crocodiles (D)
  3 bullfrogs (D)
  A howler monkey (D)
  A quasit (D)
  3 orc priests (D)
  A hound (D)
  An iguana (D)
  3 orc wizards (D)
  2 worker ants (D)
  A shadow imp (D)
  3 worms (D)
  A dart slug (D)
  A leopard gecko (D)
  6 orcs (D)
  A bat skeleton (D)
  A bat zombie (D)
  A hobgoblin (D)
  2 ball python zombies (D)
  A bat (D)
  A frilled lizard (D)
  A giant cockroach zombie (D)
180 creatures vanquished.

Vanquished Creatures (others)
  An ogre (D)
1 creature vanquished.

Grand Total: 181 creatures vanquished

Notes
Turn   | Place    | Note
-------+----------+-------------------------------------------
     0 | D        | Groucho the Troll Monk began the quest for the Orb.
     0 | D        | Reached XP level 1. HP: 22/22 MP: 0/0
     5 | D        | Reached skill level 4 in Unarmed Combat
    43 | D        | Noticed a worker ant
    43 | D        | Noticed a howler monkey
    43 | D        | Noticed an iguana
    45 | D        | Killed a worker ant
    45 | D        | Reached skill level 6 in Unarmed Combat
    45 | D        | Reached XP level 2. HP: 29/29 MP: 1/1
    45 | D        | Reached XP level 3. HP: 36/36 MP: 2/2
    49 | D        | Reached skill level 8 in Unarmed Combat
    49 | D        | Reached XP level 4. HP: 38/44 MP: 3/3
    50 | D        | Reached skill level 9 in Unarmed Combat
    65 | D        | Found a roughly hewn altar of Beogh.
    65 | D        | Found a snail-covered altar of Cheibriados.
    65 | D        | Found a shadowy altar of Dithmenos.
    65 | D        | Found a white marble altar of Elyvilon.
    65 | D        | Found a blossoming altar of Fedhas.
    65 | D        | Found an opulent altar of Gozag.
    69 | D        | Found a hazy altar of Hepliaklqana.
    70 | D        | Found a viscous altar of Jiyva.
    71 | D        | Found an ancient bone altar of Kikubaaqudgha.
    72 | D        | Became a worshipper of Cheibriados the Contemplative
    72 | D        | Reached * piety under Cheibriados
    72 | D        | Reached ** piety under Cheibriados
    73 | D        | Found a corrupted altar of Lugonu.
    74 | D        | Found a burning altar of Makhleb.
    75 | D        | Found a sparkling altar of Nemelex Xobeh.
    76 | D        | Found an iron altar of Okawaru.
    77 | D        | Found a stormy altar of Qazlal.
    78 | D        | Found a sacrificial altar of Ru.
    79 | D        | Found a deep blue altar of Sif Muna.
    80 | D        | Found a bloodstained altar of Trog.
    81 | D        | Found a hide-covered altar of Uskayaw.
    82 | D        | Found a radiant altar of Vehumet.
    83 | D        | Found an ornate altar of the Wu Jian Council.
    84 | D        | Found a shimmering altar of Xom.
    85 | D        | Found a basalt altar of Yredelemnul.
    86 | D        | Found a glowing silver altar of Zin.
    87 | D        | Found a glowing golden altar of the Shining One.
   125 | D        | Noticed a steam dragon
   125 | D        | Noticed an ogre
   125 | D        | Noticed an orc warrior
   135 | D        | Reached *** piety under Cheibriados
   135 | D        | Reached skill level 1 in Invocations
   144 | D        | Killed a steam dragon
   144 | D        | Reached skill level 11 in Unarmed Combat
   144 | D        | Reached skill level 5 in Invocations
   144 | D        | Reached XP level 5. HP: 37/50 MP: 3/7
   145 | D        | Killed an ogre
   145 | D        | Reached XP level 6. HP: 34/59 MP: 3/9
   152 | D        | Killed an orc warrior
   152 | D        | Reached **** piety under Cheibriados
   152 | D        | Reached skill level 1 in Armour
   223 | D        | Noticed a yak
   223 | D        | Noticed a slime creature
   223 | D        | Noticed a purple ugly thing
   226 | D        | Killed a yak
   226 | D        | Reached XP level 7. HP: 65/68 MP: 11/11
   231 | D        | Killed a slime creature
   237 | D        | Killed a purple ugly thing
   237 | D        | Reached skill level 5 in Fighting
   237 | D        | Reached skill level 5 in Dodging
   237 | D        | Reached skill level 12 in Unarmed Combat
   237 | D        | Reached XP level 8. HP: 58/81 MP: 11/13
   238 | D        | Reached ***** piety under Cheibriados
   507 | D        | Noticed a komodo dragon
   507 | D        | Noticed a komodo dragon
   507 | D        | Noticed a komodo dragon
   513 | D        | Killed a komodo dragon
   513 | D        | Noticed a blink frog
   516 | D        | Killed a komodo dragon
   520 | D        | Killed a komodo dragon
   521 | D        | Reached skill level 5 in Armour
   521 | D        | Reached XP level 9. HP: 60/92 MP: 13/15
   525 | D        | Reached skill level 13 in Unarmed Combat
   526 | D        | Reached ****** piety under Cheibriados
   619 | D        | Noticed a four-headed hydra
   619 | D        | Noticed a komodo dragon
   619 | D        | Noticed a spiny frog
   621 | D        | Reached skill level 10 in Invocations
   629 | D        | Killed a six-headed hydra
   629 | D        | Killed a komodo dragon
   629 | D        | Reached XP level 10. HP: 61/102 MP: 10/17
   629 | D        | Killed a spiny frog
   629 | D        | Reached skill level 14 in Unarmed Combat
   718 | D        | Noticed a lindwurm
   744 | D        | Killed a lindwurm
   854 | D        | Noticed Gastronok
   866 | D        | Killed Gastronok
   866 | D        | Reached skill level 10 in Dodging
   866 | D        | Reached skill level 15 in Unarmed Combat
   938 | D        | Reached skill level 16 in Unarmed Combat
   989 | D        | Reached XP level 11. HP: 109/109 MP: 19/19
  1074 | D        | Found Osmolum's Antique Weapon Emporium.
  1074 | D        | Noticed a deep troll
  1074 | D        | Noticed a deep troll
  1082 | D        | Killed a deep troll
  1083 | D        | Noticed a deep troll
  1087 | D        | Killed a deep troll
  1095 | D        | Killed a deep troll
  1365 | D        | Found Aplikid's Magic Scroll Shoppe.
  1369 | D        | Found Wammaom's Magic Scroll Emporium.
  1373 | D        | Found Tijiet's Armour Shoppe.
  1376 | D        | Noticed a deep troll
  1377 | D        | Noticed a deep troll
  1382 | D        | Killed a deep troll
  1382 | D        | Noticed an ogre mage
  1385 | D        | Killed a deep troll
  1386 | D        | Paralysed by an ogre mage for 4 turns
  1390 | D        | Killed an ogre mage
  1390 | D        | Reached skill level 17 in Unarmed Combat
  1461 | D        | Noticed Joseph
  1474 | D        | Killed Joseph
  1482 | D        | Noticed Erolcha
  1489 | D        | Killed Erolcha
  1658 | D        | Found the +7 sceptre of Torment
  1740 | D        | Noticed a two-headed ogre
  1740 | D        | Noticed a rakshasa
  1744 | D        | Killed a two-headed ogre
  1747 | D        | Reached XP level 12. HP: 123/123 MP: 21/21
  1750 | D        | Noticed a stone giant
  1751 | D        | Killed a rakshasa
  1755 | D        | Noticed an ettin
  1756 | D        | Noticed a tengu warrior
  1758 | D        | Killed a stone giant
  1759 | D        | Noticed a great orb of eyes
  1763 | D        | Noticed a red very ugly thing
  1771 | D        | Noticed a stone giant
  1772 | D        | Killed an ettin
  1772 | D        | Reached skill level 10 in Armour
  1774 | D        | Killed a tengu warrior
  1774 | D        | Reached skill level 10 in Fighting
  1782 | D        | Killed a red very ugly thing
  1789 | D        | Killed a great orb of eyes
  1793 | D        | Killed a stone giant
  2065 | D        | Reached skill level 18 in Unarmed Combat
  2067 | D        | Reached skill level 1 in Throwing
  2472 | D        | Reached XP level 13. HP: 31/137 MP: 16/22
  2473 | D        | HP: 5/137 [shock serpent/bolt of electricity (25)]
  2488 | D        | Reached skill level 5 in Throwing
  2882 | D        | Noticed an entropy weaver
  2886 | D        | Killed an entropy weaver
  2886 | D        | Reached skill level 19 in Unarmed Combat
  3095 | D        | Noticed Harold
  3101 | D        | Killed Harold
  3107 | D        | Noticed Saint Roka
  3118 | D        | Killed Saint Roka
  3199 | D        | Noticed Snorg
  3207 | D        | Killed Snorg
  3242 | D        | Noticed a stone giant
  3242 | D        | Noticed an ettin
  3248 | D        | Noticed a tengu reaver
  3252 | D        | Killed a stone giant
  3257 | D        | Noticed a stone giant
  3257 | D        | Noticed a frost giant
  3264 | D        | Killed an ettin
  3266 | D        | Noticed a red very ugly thing
  3271 | D        | Killed a tengu reaver
  3271 | D        | Reached XP level 14. HP: 82/153 MP: 3/23
  3274 | D        | Killed a stone giant
  3277 | D        | Killed a frost giant
  3277 | D        | Killed a red very ugly thing
  3277 | D        | Reached skill level 20 in Unarmed Combat
  3278 | D        | Reached skill level 10 in Throwing
  3667 | D        | Noticed a vault warden
  3669 | D        | Reached skill level 15 in Dodging
  3678 | D        | Killed a vault warden
  3685 | D        | Noticed an ironheart preserver
  3700 | D        | Noticed a stone giant
  3702 | D        | Noticed a vault warden
  3709 | D        | Killed an ironheart preserver
  3716 | D        | Mangled by a stone giant

Skill      XL: |  1  2  3  4  5  6  7  8  9 10 11 12 13 14 |
---------------+-------------------------------------------+-----
Unarmed Combat | 6 8 11 12 13 16 17 18 19 20 | 20.4
Invocations    | 5 6 7 8 9 10 12 13 14 | 14.3
Fighting       | 3 5 6 7 9 11 13 | 13.9
Armour         | 2 3 5 7 9 11 13 | 13.9
Dodging        | 3 5 6 8 10 11 13 14 15 | 15.3
Throwing       | 4 9 10 | 10.9
Stealth        | |  1.0

Action                   |  1- 3 |  4- 6 |  7- 9 | 10-12 | 13-15 || total
-------------------------+-------+-------+-------+-------+-------++-------
Melee: Unarmed           |    18 |    28 |    44 |   195 |   127 ||   412
       Punch             |       |     2 |     4 |    23 |    31 ||    60
Throw: Large rock        |       |       |       |     2 |     5 ||     7
Invok: Slouch            |       |       |     2 |    10 |    16 ||    28
Evoke: Wand              |       |       |     1 |     2 |       ||     3
  Use: Potion            |       |     2 |     1 |     2 |     7 ||    12
 Stab: Sleeping          |       |     1 |       |     1 |       ||     2
       Distracted        |       |       |       |     2 |     1 ||     3
  Eat: Chunk             |     3 |     4 |     2 |     5 |    12 ||    26
Armor: Robe              |     8 |    13 |       |       |       ||    21
       Steam dragon scal |       |       |    11 |     8 |       ||    19
       Swamp dragon scal |       |       |       |    11 |    28 ||    39
Dodge: Dodged            |     3 |    20 |    35 |   122 |   105 ||   285
